 Dungeon Crawl Stone Soup version 0.28-a0-998-gb9e9c7b67e (webtiles) character file.

Game seed: 9498055246486418762

7384 septik the Severer (level 10, -2/100 HPs)
             Began as a Minotaur Berserker on Dec 5, 2021.
             Was an Elder of Trog.
             Shot with an arrow by a centaur warrior (15 damage)
             ... on level 10 of the Dungeon.
             The game lasted 00:26:26 (10980 turns).

septik the Severer (Minotaur Berserker)            Turns: 10980, Time: 00:26:27

Health: -2/100     AC:  0    Str: 27    XL:     10   Next: 92%
Magic:  9/9        EV: 19    Int:  4    God:    Trog [****..]
Gold:   556        SH:  0    Dex: 14    Spells: 9/9 levels left

rFire   . . .      SeeInvis .   (weapon currently unavailable)
rCold   . . .      Faith    .   (shield currently unavailable)
rNeg    . . .      Spirit   .   (armour currently unavailable)
rPois   .          Reflect  .   (helmet currently unavailable)
rElec   .          Harm     .   (cloak currently unavailable)
rCorr   .          Rampage  .   (gloves currently unavailable)
Will    ++...                   (boots currently unavailable)
Stlth   +.........              (no amulet)
HPRegen 1.26/turn               (ring currently unavailable)
MPRegen 0.11/turn               (ring currently unavailable)

@: bat-form, strong-willed, flying, regenerating, very quick
A: fast, flying, no casting, tiny, (horns 2), (retaliatory headbutt)
a: Renounce Religion, Berserk, Trog's Hand, Brothers in Arms


You were on level 10 of the Dungeon.
You worshipped Trog.
Trog was greatly pleased with you.
You were a bat.
You visited 1 branch of the dungeon, and saw 10 of its levels.
You also visited: Ossuary.

You collected 556 gold pieces.

Inventory:

Hand Weapons
 b - a +2 hunting sling of flaming
 o - the +8 executioner's axe of the Baking Salmon (melded) {drain, Dex+9 Stlth-}
   (You acquired it on level 7 of the Dungeon)

   A truly terrible weapon, it drains the life of any living foe it strikes.
   Dex:       It affects your dexterity (+9).
   Stlth:     It makes you less stealthy.
 t - a +0 war axe of venom
Missiles
 c - 265 stones (quivered)
 k - 43 sling bullets
Armour
 n - a +0 crystal plate armour
 r - a +2 chain mail of cold resistance
 w - a +0 pair of boots (melded)
 D - a scarf of resistance (melded)
 F - a +0 plate armour
 I - a +0 troll leather armour (melded)
 L - +0 acid dragon scales
Jewellery
 a - a ring of fire
 g - a +6 ring of dexterity (melded)
 v - an amulet of the acrobat
 A - a ring of positive energy
 G - an amulet of magic regeneration
 J - a ring of willpower
Wands
 E - a wand of iceblast (11)
Scrolls
 f - 5 scrolls of teleportation
 h - 2 scrolls of vulnerability
 j - 2 scrolls of amnesia
 m - 9 scrolls of identify
 p - 6 scrolls of enchant weapon
 y - 2 scrolls of fog
 M - a scroll of blinking {unknown}
Potions
 d - 5 potions of magic {unknown}
 e - a potion of lignification {unknown}
 i - 3 potions of flight {unknown}
 l - 3 potions of mutation {unknown}
 q - 4 potions of curing {unknown}
 s - 3 potions of degeneration {unknown}
 u - a potion of resistance {unknown}
 x - 3 potions of attraction {unknown}
 z - 2 potions of brilliance {unknown}
 B - a potion of haste {unknown}
 C - a potion of invisibility {unknown}
 H - a potion of cancellation {unknown}
Miscellaneous
 K - a phantom mirror


   Skills:
 + Level 12.7 Fighting
 - Level 16.0 Axes
 - Level 2.4 Armour
 - Level 2.1 Dodging


You had 9 spell levels left.
You didn't know any spells.
Your spell library was empty.

Dungeon Overview and Level Annotations

Branches:
Dungeon (10/15)            Temple (0/1) D:4         Ossuary (visited)
   Lair: D:8-11         Orc: D:9-12

Altars:
Qazlal
Beogh

Shops:
D:7 (

Annotations:
D:3 1 runed translucent door, exclusion: door, jt's ghost, amateur DrCj
D:6 3 runed translucent doors, Ic0n's ghost, novice OgFE
D:7 2 transporters, exclusion: ice statue, Athor's ghost, novice FoAK
D:8 exclusions: downstairs, electric eel, plant and 39 more exclusions
D:9 1 runed translucent door, exclusion: downstairs
D:10 exclusion: orange crystal statue, Fannar


Innate Abilities, Weirdness & Mutations

You are a bat.
You are tiny and dextrous.
You move quickly.
You are flying.
Your equipment is almost entirely melded.
You are incapable of wielding weapons or throwing items.
You cannot cast spells.
((You have a pair of horns on your head.))
((You reflexively headbutt those who attack you in melee.))


Message History

Your ogre goes berserk!
You hit Urug but do no damage.
Your ogre barely misses Urug.
You barely miss Urug.
Your ogre barely misses Urug.
Urug hits you with a +2 scimitar!!
You hit Urug but do no damage.
Your ogre closely misses Urug.
Urug misses you.
You hit Urug but do no damage.
Your ogre hits Urug with a +0 giant club!!
Urug hits you with a +2 scimitar!!
You hit Urug but do no damage.
Urug is moderately wounded.
Your ogre closely misses Urug.
Urug zaps a wand.
You resist with almost no effort.
The now-empty wand crumbles to dust.
You hit Urug but do no damage.
Urug is moderately wounded.
Your ogre hits Urug with a +0 giant club.
Urug completely misses you.
You barely miss Urug.
Urug is heavily wounded.
Your ogre barely misses Urug.
You hit Urug but do no damage.
Urug is heavily wounded.
Your ogre barely misses Urug.
Urug hits you with a +2 scimitar!!
You hit Urug but do no damage.
Urug is heavily wounded.
Your ogre closely misses Urug.
Urug screams, "All you harpies will die!"
Urug hits you with a +2 scimitar!!
* * * LOW HITPOINT WARNING * * *
You barely miss Urug.
Urug is heavily wounded.
Your ogre hits Urug with a +0 giant club!!!
Urug dies!
Trog accepts your kill.
You hear a shout!
A centaur warrior comes into view.
The centaur warrior shouts!
The centaur warrior wields a +0 shortbow.
The centaur warrior shoots an arrow.
The arrow hits you!
You die...

#.##≈.........
#.............
######≈≈###...
...........# .
##########.# ..
.........# .#
#######..## ..#.
.........# .....
.......Ob##.≈.#
.........)..≈.#
.......##≈≈≈≈....
....... ....≈≈###
.......#.##.≈##
.c....... .##
.......## .#
......# # ######


You could see a centaur warrior (ally target) and a friendly ogre (summoned,
berserk).

Vanquished Creatures
  A two-headed ogre (D:9)
  Joseph (D:9)
  5 centaur zombies
  An unseen horror (D:9)
  A troll (D:9)
  Grinder (D:3)
  2 wyverns (D:9)
  A steam dragon (D:6)
  Edmund (D:4)
  2 acid dragons
  2 water moccasins
  4 orc warriors
  2 sky beasts
  An ogre (D:5)
  A necrophage (D:7)
  A centaur (D:9)
  2 elf zombies (Ossuary)
  4 kobold brigands
  A bullfrog (D:8)
  3 scorpions
  13 wights
  9 killer bees
  An electric eel (D:8)
  3 howler monkeys (D:7)
  5 orc priests
  4 hounds (D:5)
  3 jellies
  A gnoll shaman (D:8)
  A human zombie (Ossuary)
  2 bullfrog skeletons (D:5)
  A centaur skeleton (D:5)
  2 iguanas
  4 orc wizards
  2 mummies (Ossuary)
  A howler monkey zombie (D:7)
  2 howler monkey skeletons
  14 gnolls
  4 adders
  2 white imps
  An ufetubus (D:4)
  An adder zombie (Ossuary)
  2 worms
  A dart slug (D:1)
  27 orcs
  An endoplasm (D:2)
  18 giant cockroaches
  6 hobgoblins
  3 jackals (D:2)
  4 quokkas
  5 ball pythons
  5 bats
  2 frilled lizards (D:1)
  6 goblins
  2 goblin zombies (Ossuary)
  7 hobgoblin zombies (Ossuary)
  2 jackal zombies (Ossuary)
  28 kobolds
  13 kobold zombies (Ossuary)
  6 orc zombies (Ossuary)
  4 rats
  3 rat zombies (Ossuary)
258 creatures vanquished.

Vanquished Creatures (collateral kills)
  Urug (D:10)
1 creature vanquished.

Vanquished Creatures (others)
  9 plants (D:8)
9 creatures vanquished.

Grand Total: 268 creatures vanquished

Notes
Turn   | Place    | Note
-------+----------+-------------------------------------------
     0 | D:1      | septik the Minotaur Berserker began the quest for the Orb.
     0 | D:1      | Reached XP level 1. HP: 19/19 MP: 0/0
   305 | D:1      | Reached skill level 4 in Axes
   500 | D:1      | Reached XP level 2. HP: 26/26 MP: 1/1
   533 | D:1      | You fall into a shaft and drop 1 floor!
   587 | D:2      | Reached skill level 5 in Axes
   587 | D:2      | Reached XP level 3. HP: 20/31 MP: 2/2
  1013 | D:2      | Reached ** piety under Trog
  1117 | D:2      | Reached XP level 4. HP: 39/39 MP: 3/3
  1120 | D:2      | Reached skill level 6 in Axes
  1694 | D:1      | Found a faded altar of an unknown god.
  2192 | D:3      | Reached skill level 7 in Axes
  2192 | D:3      | Reached XP level 5. HP: 45/45 MP: 4/4
  2307 | D:3      | Found a runed translucent door.
  2308 | D:3      | Noticed jt's ghost (amateur DrCj)
  2353 | D:3      | Noticed Grinder
  2363 | D:3      | Killed Grinder
  2364 | D:3      | Reached skill level 8 in Axes
  2364 | D:3      | Reached XP level 6. HP: 51/51 MP: 5/5
  2847 | D:4      | Noticed Edmund
  2875 | D:4      | Killed Edmund
  2876 | D:4      | Reached skill level 9 in Axes
  2922 | D:4      | Found a staircase to the Ecumenical Temple.
  3715 | D:5      | Entered Level 5 of the Dungeon
  3764 | D:5      | Noticed a sky beast
  3769 | D:5      | Killed a sky beast
  3770 | D:5      | Reached XP level 7. HP: 57/57 MP: 6/6
  3775 | D:5      | Reached skill level 10 in Axes
  3911 | D:5      | Reached skill level 11 in Axes
  3911 | D:5      | Reached XP level 8. HP: 63/64 MP: 7/7
  4012 | D:5      | Reached *** piety under Trog
  4143 | D:5      | Reached skill level 12 in Axes
  4999 | D:5      | Reached skill level 13 in Axes
  5529 | D:6      | Found a runed translucent gate.
  5529 | D:6      | Noticed Ic0n's ghost (novice OgFE)
  5530 | D:6      | Identified the +9 plate armour of Valiance {Rampage rElec
                  | Str+4}
  5530 | D:6      | Found a runed translucent gate.
  5531 | D:6      | Found a runed translucent gate.
  5666 | D:6      | Reached skill level 14 in Axes
  5928 | D:6      | Reached XP level 9. HP: 64/70 MP: 8/8
  6173 | D:7      | Identified a scroll of acquirement
  6173 | D:7      | Acquired the +8 executioner's axe of the Baking Salmon
                  | {drain, Dex+9 Stlth-}
  6365 | D:7      | Found a sand-covered staircase.
  6370 | Ossuary  | Entered an ossuary
  6461 | Ossuary  | Reached **** piety under Trog
  6652 | D:7      | Found Laobream's Weapon Shoppe.
  6775 | D:7      | Reached skill level 15 in Axes
  7165 | D:7      | Found a transporter.
  7209 | D:7      | Found a transporter.
  7209 | D:7      | Noticed an ice statue
  7223 | D:7      | Noticed Athor's ghost (novice FoAK)
  7225 | D:7      | Noticed a cyan ugly thing
  7231 | D:7      | Identified the ring "Kuijopt" {Fly rN+ Int+9 Dex-4}
  7870 | D:8      | Reached skill level 16 in Axes
  8082 | D:8      | Reached skill level 5 in Fighting
  9006 | D:9      | Reached XP level 10. HP: 74/86 MP: 9/9
  9350 | D:9      | Noticed a two-headed ogre
  9357 | D:9      | Killed a two-headed ogre
  9727 | D:9      | Found a stormy altar of Qazlal.
  9777 | D:9      | Reached skill level 10 in Fighting
  9790 | D:9      | Found a runed translucent door.
  9799 | D:9      | Noticed a sixfirhy
  9826 | D:9      | Reached ***** piety under Trog
 10531 | D:9      | Noticed Joseph
 10541 | D:9      | Killed Joseph
 10658 | D:10     | Entered Level 10 of the Dungeon
 10659 | D:10     | Noticed Fannar
 10780 | D:10     | Noticed an orange crystal statue
 10961 | D:10     | Noticed Urug
 10978 | D:10     | Killed Urug
 10979 | D:10     | Noticed a centaur warrior
 10980 | D:10     | Shot with an arrow by a centaur warrior

Illustrated notes

Levels and vault maps discovered:
D:1:      heliophobic_arrival_glass_houses, layout_loops_corners,
          ebering_ecumenical_altar_rust
D:2:      minmay_roachtagon, layout_basic
D:3:      layout_rooms, ebering_ghost_inner_flame, uniq_grinder
D:4:      layout_loops_cross, minmay_temple_entry_arrows, minmay_fountain_box,
          uniq_edmund
D:5:      layout_loops_corners, minmay_quadrilaterals
D:6:      layout_basic, biasface_ghost_orc_armoury
D:7:      layout_basic, enter_ossuary_2, nzn_ghost_randoct,
          minmay_misc_feat_columns, nicolae_inconvenience_store
D:8:      layout_basic, serial_bayou, serial_bayou_crossing,
          serial_bayou_pond_a, serial_bayou_lagoon_b, serial_bayou_pond_b,
          grunt_ministairs_1
D:9:      cheibrodos_shockbox, layout_basic, nicolae_qazlal_style_of_elements,
          uniq_joseph
D:10:     layout_basic, grunt_ministairs_8, disabler_island, uniq_fannar,
          uniq_urug

Skill      XL: |  1  2  3  4  5  6  7  8  9 10 |
---------------+-------------------------------+-----
Axes           | 4 5 7 8 9 11 14 16 | 16.0
Fighting       | 7 12 | 12.7
Armour         | |  2.4
Dodging        | |  2.1

Action                   |  1- 3 |  4- 6 |  7- 9 | 10-12 || total
-------------------------+-------+-------+-------+-------++-------
Melee: Hand axe          |    58 |    90 |       |       ||   148
       Headbutt          |     9 |    17 |    46 |    14 ||    86
       War axe           |       |    10 |   130 |       ||   140
       Executioner's axe |       |       |   127 |    67 ||   194
       Unarmed           |       |       |       |    10 ||    10
Throw: Stone             |       |     6 |       |       ||     6
Invok: Berserk           |       |     6 |     4 |     3 ||    13
       Trog's Hand       |       |     3 |     1 |     1 ||     5
       Brothers in Arms  |       |       |       |     2 ||     2
  Use: Scroll            |       |       |     8 |       ||     8
Armor: Animal skin       |    12 |    11 |       |       ||    23
       Chain mail        |       |     2 |   139 |    26 ||   167
       Troll leather arm |       |       |       |     5 ||     5
Dodge: Dodged            |    36 |    70 |   101 |    44 ||   251

Table legend: (Time is in decaauts)
 A = Elapsed time spent in this place.
 B = Non-inter-level travel time spent in this place.
 C = Inter-level travel time spent in this place.
 D = Time resting spent in this place.
 E = Time spent auto-exploring this place.
 F = Levels seen in this place.
 G = Mean time per level.
                   A        B        C        D        E       F      G
               +--------+--------+--------+--------+--------+-----+--------+
         Total |  11122 |  10779 |    343 |   1670 |   7321 |  11 | 1011.1 |
       Dungeon |  10898 |  10555 |    343 |   1670 |   7299 |  10 | 1089.8 |
       Ossuary |    223 |    223 |      0 |      0 |     22 |   1 |  223.0 |
               +--------+--------+--------+--------+--------+-----+--------+

Top non-repeatable levels by time:
     D:5: 1755 daAuts
     D:9: 1754 daAuts
     D:7: 1619 daAuts
     D:2: 1108 daAuts
     D:1: 1092 daAuts
     D:4: 1027 daAuts
     D:8: 1003 daAuts
     D:6: 711 daAuts
     D:3: 539 daAuts
    D:10: 286 daAuts
 Ossuary: 223 daAuts
